 Dungeon Crawl Stone Soup version 0.32-a0-868-g153ae1a8d6 (webtiles) character file.

Game seed: 4042424457037369265

9 Xavori the Trooper (level 2, -6/25 HPs)
             Began as a Djinni Chaos Knight on Mar 28, 2024.
             Was a Plaything of Xom.
             Mangled by an acid dragon (9 damage)
             ... on level 1 of the Dungeon.
             The game lasted 00:00:20 (391 turns).

Xavori the Trooper (Djinni Chaos Knight)             Turns: 391, Time: 00:00:20

Health: -6/25      AC:  1    Str: 11    XL:     2   Next: 25%
Gold:   60         EV: 11    Int: 13    God:    Xom [..*...] SH:  0 Dex: 12

rFire   + + .        a - +0 falchion (chaos)
rCold   x . .        (no shield)
rNeg    . . .        b - +2 leather armour
rPois   ∞            (no helmet)
rElec   .            (no cloak)
rCorr   .            (no gloves)
SInv    .            (boots unavailable)
Will    .....        (no amulet)
Stlth   +            (no ring)
HPRegen 0.24/turn    (no ring)
MPRegen 0.00/turn

%: infuse magic (-7 HP)
@: corroded, flying
A: sickness immunity, fire resistance 2, cold vulnerability 1, float, innate
caster, HP casting, extra vitality 1
a: Renounce Religion


You were on level 1 of the Dungeon.
You worshipped Xom.
You were a toy of Xom.
You visited 1 branch of the dungeon, and saw 1 of its levels.

You collected 60 gold pieces.

Inventory:

Hand Weapons
 a - a +0 falchion of chaos (weapon)
Armour
 b - a +2 leather armour (worn)
Scrolls
 c - a scroll of butterflies
Potions
 d - a potion of curing


   Skills:
 + Level 3.1 Fighting
 + Level 2.8 Long Blades
 + Level 1.2 Armour
 + Level 2.3 Dodging
 * Level 0.5 Spellcasting
 * Level 0.5 Conjurations
 * Level 0.5 Hexes
   Level 0.0 Charms
 * Level 0.5 Summonings
 * Level 0.5 Necromancy
 * Level 0.5 Translocations
   Level 0.0 Transmutations
 * Level 0.5 Fire Magic
 * Level 0.5 Ice Magic
 * Level 0.5 Air Magic
 * Level 0.5 Earth Magic
 * Level 0.5 Alchemy You didn't know any spells. Your spell library was empty.

Dungeon Overview and Level Annotations

Branches:
Dungeon (1/15)

Altars:


Innate Abilities, Weirdness & Mutations

You are immune to sickness and miasma.
You are immune to poison.
Your flesh is very heat resistant. (rF++)
You are vulnerable to cold. (rC-)
You float through the air rather than walking.
You learn spells naturally, not from books.
Your magical power is your life essence.
You have superior vitality. (+4 MHP)


Message History

An endoplasm is nearby!
You slash the endoplasm!
You kill the endoplasm!
Xom smirks.
You detect nothing.
No target in view!
A bat comes into view.
You hit the bat but do no damage.
The bat evaporates and reforms as an acid dragon!
The acid dragon barely misses you. x2
An acid dragon is nearby!
You barely miss the acid dragon. The acid dragon closely misses you.
The acid dragon claws you.
You hit the acid dragon but do no damage.
The acid dragon misses you.
The acid dragon claws you but does no damage.
An acid dragon is nearby!
You hit the acid dragon but do no damage.
The acid dragon spits acid at you. The splash of acid hits you!!
Ouch! That really hurt!
* * * LOW HITPOINT WARNING * * *
Xom thinks this is hilarious!
The acid corrodes you!
It was a potion of curing.
You feel better.
Xom roars with laughter!
The acid dragon bites you but does no damage.
The acid dragon claws you.
You aren't carrying any items that you can evoke.
You hit the acid dragon but do no damage.
The acid dragon barely misses you. The acid dragon claws you.
* * * LOW HITPOINT WARNING * * *
You hit the acid dragon but do no damage.
The acid dragon bites you but does no damage.
The acid dragon barely misses you.
You hit the acid dragon but do no damage.
The acid dragon suddenly seems more resistant.
The acid dragon bites you!
You die...
Xom titters!

# # ######... #######
#@D...... .......
#####.##..... #######
#.....# ..# #. #....###..
# #.
#...........#########.
##♣#♣.♣.♣.#####.........#.
#.........# ####...#.#.
#.♣#♣.♣.♣.# #P..♣#... #.#
####..# ##...P.##.


You could see an acid dragon (resistant, catching breath).

Vanquished Creatures
  An endoplasm (D:1)
  A goblin (D:1)
  2 hobgoblins (D:1)
  2 ball pythons (D:1)
  2 bats (D:1)
  A kobold (D:1)
  A rat (D:1)
10 creatures vanquished.

Notes
Turn   | Place    | Note
-------+----------+-------------------------------------------
     0 | D:1      | Xavori the Djinni Chaos Knight began the quest for the Orb.
     0 | D:1      | Reached XP level 1. HP: 20/20 MP: 0/0
   266 | D:1      | Reached XP level 2. HP: 25/25 MP: 0/0
   377 | D:1      | XOM: divination: detect items
   384 | D:1      | a bat changed into an acid dragon
   384 | D:1      | Noticed an acid dragon
   387 | D:1      | HP: 1/25 [acid dragon/splash of acid (24)]
   391 | D:1      | Mangled by an acid dragon

Illustrated notes

Levels and vault maps discovered:
D:1:      minmay_arrival_checkered_box, layout_rooms, serial_forest,
          infiniplex_forest_lined_room_2, infiniplex_forest_lined_2,
          infiniplex_forest_clump_long, infiniplex_forest_straight_4,
          infiniplex_forest_lined_corner

Action                     || total
---------------------------++-------
  Melee: Falchion          ||    45
    Use: Potion            ||     1
 Armour: Leather armour    ||    43
  Dodge: Dodged            ||    36

Table legend: (Time is in decaauts)
 A = Elapsed time spent in this place.
 B = Non-inter-level travel time spent in this place.
 C = Inter-level travel time spent in this place.
 D = Time resting spent in this place.
 E = Time spent auto-exploring this place.
 F = Levels seen in this place.
 G = Mean time per level.
                   A        B        C        D        E       F      G
               +--------+--------+--------+--------+--------+-----+--------+
         Total |    398 |    398 |      0 |     57 |    256 |   1 |  398.0 |
       Dungeon |    398 |    398 |      0 |     57 |    256 |   1 |  398.0 |
               +--------+--------+--------+--------+--------+-----+--------+

Top non-repeatable levels by time:
     D:1: 398 daAuts
